 Dungeon Crawl Stone Soup version 0.29.0-5-ge4962eb29e (webtiles) character file.

Game seed: 7932116911858635654

142 themarg the Insei (level 5, -2/41 HPs)
             Began as a Gnoll Wanderer on Aug 28, 2022.
             Slain by a gnoll
             ... wielding a +0 spear
              (6 damage)
             ... on level 3 of the Dungeon.
             The game lasted 00:08:21 (1532 turns).

themarg the Insei (Gnoll Wanderer)                  Turns: 1532, Time: 00:08:22

Health: -2/41      AC:  4    Str: 13    XL:     5   Next: 25%
Magic:  7/7        EV: 13    Int:  7    God:
Gold:   101        SH:  0    Dex: 16    Spells: 6/6 levels left

rFire   . . .      SeeInvis .   a - +2 sling
rCold   . . .      Faith    .   (no shield)
rNeg    . . .      Spirit   .   e - +0 leather armour
rPois   .          Reflect  .   (no helmet)
rElec   .          Harm     .   c - +0 cloak
rCorr   .          Rampage  .   (no gloves)
Will    .....                   (no boots)
Stlth   ++........              (no amulet)
HPRegen 0.13/turn               (no ring)
MPRegen 0.10/turn               (no ring)

@: about to teleport
A: fangs 1, strong nose, distributed training
a: no special abilities


You were on level 3 of the Dungeon.
You visited 1 branch of the dungeon, and saw 3 of its levels.

You collected 101 gold pieces.

Inventory:

Hand Weapons
 a - a +2 sling (weapon)
 h - a +0 whip
 u - a +2 dagger of venom
Missiles
 i - 6 poisoned darts
Armour
 c - a +0 cloak (worn)
 e - a +0 leather armour (worn)
Jewellery
 r - a ring of poison resistance
Scrolls
 b - a scroll of butterflies
 f - 7 scrolls of identify {unknown}
 g - a scroll of amnesia {unknown}
 j - 2 scrolls of fear {unknown}
 k - 2 scrolls of noise {unknown}
 s - a scroll of blinking {unknown}
 t - a scroll of brand weapon {unknown}
 w - a scroll of enchant armour {unknown}
Potions
 l - 4 potions of lignification {unknown}
 m - 2 potions of haste {unknown}
 n - a potion of attraction {unknown}
 o - 2 potions of curing {unknown}
 p - a potion of flight {unknown}
 q - a potion of mutation {unknown}
 v - a potion of degeneration {unknown}


   Skills:
 + Level 3.0 Fighting
 + Level 1.4 Short Blades
 + Level 1.4 Long Blades
 + Level 1.4 Axes
 + Level 1.4 Maces & Flails
 + Level 1.4 Polearms
 + Level 1.4 Staves
 + Level 6.7 Ranged Weapons
 + Level 1.4 Throwing
 + Level 3.0 Armour
 + Level 4.8 Dodging
 + Level 1.4 Stealth
 + Level 1.4 Shields
 + Level 6.7 Unarmed Combat
 + Level 1.4 Spellcasting
 + Level 1.1 Conjurations
 + Level 1.1 Hexes
 + Level 1.1 Summonings
 + Level 1.1 Necromancy
 + Level 1.1 Translocations
 + Level 1.1 Transmutations
 + Level 1.1 Fire Magic
 + Level 1.1 Ice Magic
 + Level 1.1 Air Magic
 + Level 1.1 Earth Magic
 + Level 1.1 Poison Magic
 + Level 1.6 Invocations
 + Level 1.4 Evocations


You had 6 spell levels left.
You didn't know any spells.
Your spell library was empty.

Dungeon Overview and Level Annotations

Branches:
Dungeon (3/15)

Altars:
Ashenzari
Fedhas


Innate Abilities, Weirdness & Mutations

You have very sharp teeth.
Your uncanny sense of smell can sniff out nearby items.
Your experience applies equally to all skills.


Message History

The gnoll hits you from afar with a +0 halberd!
* * * LOW HITPOINT WARNING * * *
Fire: a) +2 sling
Press: ? - help, Q - select action, (/) - cycle Shift-Dir - straight line, f/p - gnoll
Aim: a gnoll, wielding a +0 halberd (severely wounded, 68% to hit)
You shoot a sling bullet. The sling bullet hits the gnoll.
You kill the gnoll!
Your Fighting skill increases to level 3!
Your Armour skill increases to level 3!
A gnoll comes into view. It is wielding a +0 spear.
The gnoll shouts!
You see here a scroll labelled MAESIRIUTO.
w - a scroll labelled MAESIRIUTO An adder comes into view.
A gnoll comes into view. It is wielding a +0 vorpal flail.
The gnoll shouts!
Fire: a) +2 sling
Press: ? - help, Q - select action, (/) - cycle Shift-Dir - straight line, f - gnoll
Aim: a gnoll, wielding a +0 vorpal flail (68% to hit)
You shoot a sling bullet. The sling bullet hits the gnoll.
The gnoll is lightly wounded.
The gnoll hits you with a +0 vorpal flail.
Fire: a) +2 sling
Press: ? - help, Q - select action, (/) - cycle Shift-Dir - straight line, f/p - gnoll
Aim: a gnoll, wielding a +0 vorpal flail (lightly wounded, 68% to hit)
You shoot a sling bullet. The sling bullet hits the gnoll.
The gnoll is moderately wounded.
The gnoll barely misses you. The gnoll completely misses you.
As you read the scroll of teleportation, it crumbles to dust.
You feel strangely unstable.
The gnoll hits you with a +0 vorpal flail!
* * * LOW HITPOINT WARNING * * *
x2 The gnoll misses you.
Fire: a) +2 sling
Press: ? - help, Q - select action, (/) - cycle Shift-Dir - straight line, f/p - gnoll
Aim: a gnoll, wielding a +0 vorpal flail (lightly wounded, 68% to hit)
You shoot a sling bullet.
The sling bullet barely misses the gnoll.
The gnoll hits you from afar with a +0 spear.
You die...

##...#####.#
♣...........♣
####.#####.#
♣.......♣
........##.#
♣♣♣...♣♣♣
####.##....# ♣♣†..♣♣
#.#####.#♣♣♣♣♣.....♣
#.. #.†.....##..##
### #......g###g#
#### #.......# #.#
S...# .........@#
#.# ....#
#.........g# #.#
#....# #...###....#
#.# .....# #...
###.<# #.###.....#
....
###..##.........#
.....^..........#
..#...##..####### ∆
#..# ##.## #..
##...##


You could see 2 gnolls.

Vanquished Creatures
  Jessica (D:2)
  A gnoll (D:3)
  5 adders
  A worm (D:2)
  A dart slug (D:1)
  9 ball pythons
  4 endoplasms
  4 giant cockroaches (D:1)
  2 goblins (D:2)
  7 hobgoblins
  5 quokkas
  4 bats (D:2)
  4 frilled lizards
  5 kobolds
  3 rats
56 creatures vanquished.

Notes
Turn   | Place    | Note
-------+----------+-------------------------------------------
     0 | D:1      | themarg the Gnoll Wanderer began the quest for the Orb.
     0 | D:1      | themarg set off with the following items: a +2 sling, a
                  | scroll of butterflies, a +0 cloak, a scroll of
                  | teleportation, a +0 leather armour.
     0 | D:1      | Reached XP level 1. HP: 17/17 MP: 1/1
    51 | D:1      | Reached XP level 2. HP: 23/23 MP: 2/2
   618 | D:1      | Reached XP level 3. HP: 28/28 MP: 3/3
   952 | D:2      | Reached skill level 1 in Invocations
  1003 | D:2      | Reached skill level 1 in Short Blades
  1003 | D:2      | Reached skill level 1 in Long Blades
  1003 | D:2      | Reached skill level 1 in Axes
  1003 | D:2      | Reached skill level 1 in Maces & Flails
  1003 | D:2      | Reached skill level 1 in Polearms
  1003 | D:2      | Reached skill level 1 in Staves
  1003 | D:2      | Reached skill level 1 in Throwing
  1003 | D:2      | Reached skill level 1 in Stealth
  1003 | D:2      | Reached skill level 1 in Shields
  1003 | D:2      | Reached skill level 1 in Spellcasting
  1003 | D:2      | Reached skill level 1 in Evocations
  1141 | D:2      | Reached XP level 4. HP: 34/34 MP: 5/5
  1279 | D:2      | Reached skill level 1 in Conjurations
  1279 | D:2      | Reached skill level 1 in Hexes
  1279 | D:2      | Reached skill level 1 in Summonings
  1279 | D:2      | Reached skill level 1 in Necromancy
  1279 | D:2      | Reached skill level 1 in Translocations
  1279 | D:2      | Reached skill level 1 in Transmutations
  1279 | D:2      | Reached skill level 1 in Fire Magic
  1279 | D:2      | Reached skill level 1 in Ice Magic
  1279 | D:2      | Reached skill level 1 in Air Magic
  1279 | D:2      | Reached skill level 1 in Earth Magic
  1279 | D:2      | Reached skill level 1 in Poison Magic
  1280 | D:2      | Noticed Jessica
  1295 | D:2      | Killed Jessica
  1411 | D:3      | Found a faded altar of an unknown god.
  1427 | D:3      | Reached XP level 5. HP: 39/40 MP: 7/7
  1472 | D:3      | Found a blossoming altar of Fedhas.
  1497 | D:3      | Found a broken altar of Ashenzari.
  1532 | D:3      | Slain by a gnoll

Illustrated notes

Levels and vault maps discovered:
D:1:      lemuel_arrival_behind_the_door_large, layout_loops_cross,
          amcnicky_mini_rare_corridor_liquid, minmay_pentomino_v4
D:2:      layout_basic, uniq_jessica
D:3:      layout_rooms, mainiacjoe_overflow_alcove_1, minitemple,
          fedhas_altar_fruit_tree, shapermc_ecumenical_altar_notcrosses,
          gup_sewer_entry_bowl

Skill      XL: |  1  2  3  4  5 |
---------------+----------------+-----
Invocations    | 1 |  1.6
Short Blades   | 1 |  1.4
Long Blades    | 1 |  1.4
Axes           | 1 |  1.4
Maces & Flails | 1 |  1.4
Polearms       | 1 |  1.4
Staves         | 1 |  1.4
Throwing       | 1 |  1.4
Stealth        | 1 |  1.4
Shields        | 1 |  1.4
Spellcasting   | 1 |  1.4
Evocations     | 1 |  1.4
Conjurations   | 1 |  1.1
Hexes          | 1 |  1.1
Summonings     | 1 |  1.1
Necromancy     | 1 |  1.1
Translocations | 1 |  1.1
Transmutations | 1 |  1.1
Fire Magic     | 1 |  1.1
Ice Magic      | 1 |  1.1
Air Magic      | 1 |  1.1
Earth Magic    | 1 |  1.1
Poison Magic   | 1 |  1.1
Fighting       | 3 |  3.0
Armour         | 3 |  3.0
Ranged Weapons | |  6.7
Dodging        | |  4.8
Unarmed Combat | |  6.7

Action                   |  1- 3 |  4- 6 || total
-------------------------+-------+-------++-------
Melee: Whip              |    19 |       ||    19
       Bite              |     3 |       ||     3
       Dagger            |       |     6 ||     6
 Fire: Sling             |    97 |    61 ||   158
  Use: Scroll            |       |     1 ||     1
Armor: Leather armour    |    15 |     9 ||    24
Dodge: Dodged            |    38 |    25 ||    63
